 Dungeon Crawl Stone Soup version 0.31-a0-986-g5e6e4ef867 (webtiles) character file.

Game seed: 12201426720988016878

58636 gelatine the Blocker (level 14, -3/113 HPs)
             Began as a Demonspawn Fighter on Nov 16, 2023.
             Killed by divine providence
             ... invoked by Saint Roka
              (12 damage)
             ... on level 2 of the Orcish Mines.
             The game lasted 00:52:54 (18098 turns).

gelatine the Blocker (Demonspawn Fighter)          Turns: 18098, Time: 00:52:55

Health: -3/113     AC: 23    Str: 26    XL:     14   Next: 50%
Magic:  21/21      EV: 10    Int:  9    God:
Gold:   968        SH: 24    Dex: 13    Spells: 19/23 levels left

rFire   + + +        o - +12 mace of Unliz {flame, Dex+4}
rCold   . . .        y - +1 tower shield
rNeg    . . .        r - +1 shadow dragon scales
rPois   .            (helmet unavailable)
rElec   +            Q - +2 cloak {Stlth+}
rCorr   .            B - +1 pair of gloves
SInv    +            U - +0 pair of boots of Defiance {rF+++ Str+3 Dex-3}
Will    +....        (no amulet)
Stlth   +++++        E - ring "Wukien" {Drain Fly rElec Slay+4}
HPRegen 0.38/turn    v - +4 ring of slaying
MPRegen 0.17/turn

%: no passive effects
@: flying, studying Fighting
A: antennae 3, large bone plates 2, demonic guardian 2, demonic magic 2
a: no special abilities


You were on level 2 of the Orcish Mines.
You visited 4 branches of the dungeon, and saw 19 of its levels.
You also visited: Gauntlet.

You collected 1653 gold pieces.
You spent 685 gold pieces at shops.

Inventory:

Hand Weapons
 o - the +12 mace of Unliz (weapon) {flame, Dex+4}
   (You found it on level 2 of the Dungeon)

   Dex+4:     It affects your dexterity (+4).
 F - a +1 broad axe of electrocution
Missiles
 m - 5 throwing nets
 w - 9 javelins
 x - 3 silver javelins
 D - 9 poisoned darts (quivered)
 G - 7 darts of dispersal
 H - a curare-tipped dart
Armour
 k - a +1 pair of boots of rampaging
 r - +1 shadow dragon scales (worn)
 y - a +1 tower shield (worn)
 B - a +1 pair of gloves (worn)
 J - a +2 ring mail of fire resistance
 Q - a +2 cloak of stealth (worn)
 U - the +0 pair of boots of Defiance (worn) {rF+++ Str+3 Dex-3}
   (You found it on level 5 of the Lair of Beasts)

   Str+3:     It affects your strength (+3).
   Dex-3:     It affects your dexterity (-3).
   rF+++:     It renders you almost immune to fire.
Magical Staves
 g - the staff "Emazics" {rElec rCorr Air}
   (You found it on level 5 of the Lair of Beasts)

   [staff of air]

   Base accuracy: +5 Base damage: 5 Base attack delay: 1.2 This weapon's minimum
   attack delay (0.6) is reached at skill level 12.
   rElec:     It insulates you from electricity.
   rCorr:     It protects you from acid and corrosion.
   Air:       It increases the power of your Air spells.
   It falls into the 'Staves' category.
   It is a one-handed weapon.
Jewellery
 i - a ring of protection from cold
 j - a ring of flight
 t - an amulet of magic regeneration
 v - a +4 ring of slaying (right hand)
 E - the ring "Wukien" (left hand) {Drain Fly rElec Slay+4}
   (You found it in a Gauntlet)

   [ring of slaying]

   Slay+4:    It affects your accuracy & damage with ranged weapons and melee
   (+4).
   rElec:     It insulates you from electricity.
   Fly:       It grants you flight.
   Drain:     It drains your maximum health when unequipped.
 O - a +6 ring of strength
 S - a +6 ring of dexterity
 T - a +4 ring of slaying
 V - a ring of resist corrosion
Wands
 a - a wand of polymorph (7)
 l - a wand of flame (22)
 n - a wand of paralysis (26)
 A - a wand of iceblast (8)
 N - a wand of digging (3)
 P - a wand of mindburst (1)
Scrolls
 e - 3 scrolls of amnesia
 f - 4 scrolls of immolation
 q - 2 scrolls of poison
 u - 4 scrolls of silence
 z - a scroll of revelation
 C - 2 scrolls of vulnerability
 W - a scroll of identify
Potions
 b - 3 potions of brilliance
 d - a potion of might
 h - 3 potions of mutation
 p - 3 potions of attraction
 s - 2 potions of curing
 K - a potion of haste
 L - 2 potions of invisibility
 M - 2 potions of lignification
Miscellaneous
 I - a condenser vane (inert)
 R - a lightning rod (4/4)


   Skills:
 * Level 11.2 Fighting
 + Level 3.9(8.4) Axes
 * Level 11.6(11.9) Maces & Flails
 + Level 1.3 Throwing
 * Level 9.2 Armour
 * Level 7.2 Dodging
 + Level 5.3 Stealth
 * Level 12.0 Shields
 + Level 0.2 Unarmed Combat
 * Level 5.1 Spellcasting
 * Level 5.0 Translocations
 + Level 4.8 Evocations


You had 19 spell levels left.
You knew the following spells:

 Your Spells              Type           Power      Damage    Failure   Level
a - Manifold Assault      Tloc           11%        N/A       99%         4

Your spell library contained the following spells:

 Spells                   Type           Power      Damage    Failure   Level
 Apportation              Tloc           22%        N/A       41%         1
 Sandblast                Erth           4%         2d4       98%         1
 Shock                    Conj/Air       8%         1d3       98%         1
 Slow                     Hex            8%         N/A       98%         1
 Summon Small Mammal      Summ           8%         N/A       98%         1
 Jinxbite                 Hex            4%         N/A       99%         2
 Passwall                 Tmut/Erth      1%         N/A       99%         2
 Static Discharge         Conj/Air       4%         3-4/arc   99%         2
 Call Canine Familiar     Summ           2%         N/A       100%        3
 Confusing Touch          Hex            2%         N/A       100%        3
 Ozocubu's Armour         Ice            2%         N/A       100%        3
 Sigil of Binding         Hex            2%         N/A       100%        3
 Stone Arrow              Conj/Erth      4%         3d7       100%        3
 Summon Guardian Golem    Hex/Summ       2%         N/A       100%        3
 Swiftness                Air            2%         N/A       100%        3
 Vampiric Draining        Necr           2%         2d6       100%        3
 Airstrike                Air            1%         2d(1-17)  100%        4
 Brom's Barrelling Bould  Conj/Erth      2%         2d3       100%        4
 Summon Lightning Spire   Summ/Air       2%         N/A       100%        4
 Alistair's Intoxication  Tmut/Pois      1%         N/A       100%        5
 Metabolic Englaciation   Hex/Ice        1%         N/A       100%        5
 Dispersal                Tloc           5%         N/A       100%        6
 Simulacrum               Ice/Necr       1%         N/A       100%        6
 Ozocubu's Refrigeration  Ice            1%         4d7       100%        7
 Disjunction              Tloc           5%         N/A       100%        8
 Polar Vortex             Ice            1%         N/A       100%        9


Dungeon Overview and Level Annotations

Branches:
Dungeon (11/15)            Temple (1/1) D:4            Lair (5/5) D:11
 Shoals (0/4) Lair:2       Spider (0/4) Lair:3        Slime (0/5) Lair:4
    Orc (2/2) D:11        Gauntlet (visited)
    Elf: Orc:2

Altars:
Ashenzari
Cheibriados
Dithmenos
Fedhas
Gozag
Hepliaklqana
Kikubaaqudgha
Makhleb
Nemelex Xobeh
Okawaru
Qazlal
Ru
Sif Muna
Trog
Uskayaw
Vehumet
Wu Jian
Xom
Yredelemnul

Shops:
D:5 *   D:10 [

Annotations:
D:7 4 transporters, wingedge's ghost, novice MiFi
D:9 1 transporter
Orc:2 Saint Roka


Innate Abilities, Weirdness & Mutations

You have a pair of large antennae on your head. (SInv)
You are mostly covered in large bone plates. (SH +6)
A demonic guardian rushes to your aid.
Spells you cast may paralyse nearby enemies.


Message History

You kill the orc warrior!
You block the troll's attack. x2; The troll claws you but does no damage.
The orc warrior barely misses you.
Saint Roka is engulfed in freezing vapours.
Saint Roka calls down the wrath of Beogh upon you.
Beogh smites you!
* * * LOW HITPOINT WARNING * * *
Your ice devil hits the orc knight.
Your ice devil freezes the orc knight!
You see here a +0 morningstar.
You feel better.
The warg is engulfed in freezing vapours.
The orc knight roars a battlecry!
Your ice devil hits the orc knight but does no damage.
You catch the helpless orc knight completely off-guard!
You bludgeon the orc knight!! You burn the orc knight!
You kill the orc knight!
The warg is engulfed in freezing vapours.
Your ice devil closely misses the orc warrior.
Okay, then.
Blink to where?
Press: ? - help, Q - select action, (/) - cycle Dir - move target
As you read the scroll of blinking, it crumbles to dust.
The warg is engulfed in freezing vapours.
Saint Roka calls down the wrath of Beogh upon you.
Beogh smites you!
* * * LOW HITPOINT WARNING * * *
You hear a shout!
The orc warrior no longer looks unusually strong.
An orc warrior comes into view. It is wielding a +0 glaive.
You feel a bit more experienced.
Saint Roka is engulfed in poison gas.
Saint Roka looks even sicker.
Your ice devil hits Saint Roka but does no damage.
Saint Roka roars a battlecry!
The orc warriors go into a battle-frenzy!
Your ice devil barely misses Saint Roka.
You block the warg's attack.
Saint Roka invokes the aid of Beogh against you.
Beogh smites you!
You die...
Saint Roka roars, "Praise to Beogh!"

### ##..## ..# #...#
##### .. ##.## #...#
#.##...# #...#
#..#...#
{#)))####.##.##
8##{###)##8.#.....##
o{{{{.o.)4.)'.8....##
o.{{)8.).§o.'o.T@.#.##
o{{O{{o...o)o.8h.....#
8##'###'##8.#.o...#.##
#.)o ####.##.#### #.,
{ #..#...# # {
#.###...# .. ##..# ..#
... ### ....


You could see Saint Roka (very poisoned, ally target), a troll, a warg, 4 orc
warriors and a friendly ice devil (summoned).

Vanquished Creatures
  A minotaur (Gauntlet)
  Harold (Orc:1)
  Erolcha (D:9)
  2 hydras
  3 two-headed ogres
  9 death yaks
  A thrashing horror (Gauntlet)
  Urug (Lair:5)
  Nergalle (Lair:1)
  A skyshark (Lair:5)
  A lindwurm (Lair:5)
  2 orc knights
  An orc sorcerer (Orc:1)
  An ugly thing (D:11)
  An oklob plant (D:11)
  21 elephants
  A cyclops (Orc:1)
  Maurice (Orc:1)
  3 molten gargoyles (Lair:5)
  A merfolk siren (Lair:2)
  6 black mambas
  5 cane toads
  5 rime drakes
  An unseen horror (D:10)
  15 komodo dragons
  A meliai (Lair:3)
  3 trolls
  Prince Ribbit (D:5)
  3 polar bears
  4 blink frogs (Lair:1)
  A large abomination (Gauntlet)
  7 dream sheep
  Sigmund (D:5)
  A shadow (D:10)
  A spriggan (Lair:3)
  4 wyverns
  2 wraiths
  35 yaks
  3 basilisks
  4 steam dragons
  Grum (D:11)
  An acid dragon (D:11)
  4 hell hounds (Lair:5)
  12 water moccasins
  13 orc warriors
  4 black bears
  A sky beast (D:7)
  6 ogres
  21 wolves
  3 boggarts (Gauntlet)
  A centaur (D:8)
  7 small abominations (Gauntlet)
  2 kobold brigands (D:8)
  16 bullfrogs
  3 scorpions
  6 wights
  10 killer bees
  4 howler monkeys
  5 lava snakes (Lair:5)
  4 hounds
  8 orc priests
  Jessica (D:2)
  5 iguanas
  A sleepcap (D:7)
  9 orc wizards
  11 adders
  10 gnolls
  2 shadow imps
  3 white imps
  4 dart slugs
  39 orcs
  5 bats
  5 endoplasms
  2 giant cockroaches
  5 goblins
  2 hobgoblins
  11 jackals
  3 quokkas
  8 ball pythons
  2 frilled lizards
  6 kobolds
  6 rats
  A spectral hobgoblin (D:3)
  2 butterflies
432 creatures vanquished.

Vanquished Creatures (collateral kills)
  A fire dragon (Lair:5)
  2 hydras
  2 death yaks
  A thrashing horror (Gauntlet)
  A worldbinder (Gauntlet)
  A yak (Lair:4)
  2 small abominations (Gauntlet)
  A hell hound (Lair:5)
  A large abomination (Gauntlet)
  An orc warrior (Orc:2)
  A sky beast (D:7)
  A centaur (D:7)
  A kobold brigand (D:8)
  An orc priest (D:9)
  An orc wizard (D:7)
  2 gnolls (D:2)
  2 orcs
22 creatures vanquished.

Vanquished Creatures (others)
  An orc wizard (D:7)
  An orc (D:9)
2 creatures vanquished.

Grand Total: 456 creatures vanquished

Notes
Turn   | Place    | Note
-------+----------+-------------------------------------------
     0 | D:1      | gelatine the Demonspawn Fighter began the quest for the
                  | Orb.
     0 | D:1      | Reached XP level 1. HP: 18/18 MP: 1/1
   112 | D:1      | Gained mutation: A weak demonic guardian rushes to your
                  | aid. [demonic ancestry]
   112 | D:1      | Reached XP level 2. HP: 22/24 MP: 2/2
   212 | D:1      | Reached skill level 3 in Shields
   654 | D:2      | Noticed Jessica
   659 | D:2      | Killed Jessica
   660 | D:2      | Gained mutation: You have a pair of small antennae on your
                  | head. [demonic ancestry]
   660 | D:2      | Reached XP level 3. HP: 29/29 MP: 3/3
   676 | D:2      | Gained mutation: You are partially covered in large bone
                  | plates. (SH +4) [demonic ancestry]
   676 | D:2      | Reached XP level 4. HP: 34/35 MP: 4/4
   797 | D:2      | Identified the +12 mace of Unliz {flame, Dex+4}
  1165 | D:3      | Gained mutation: A demonic guardian rushes to your aid.
                  | [demonic ancestry]
  1165 | D:3      | Reached XP level 5. HP: 41/41 MP: 5/5
  1459 | D:3      | Found a faded altar of an unknown god.
  1784 | D:4      | Found a staircase to the Ecumenical Temple.
  1789 | Temple   | Entered the Ecumenical Temple
  1851 | D:4      | Reached skill level 1 in Maces & Flails
  1860 | D:4      | Gained mutation: You have a pair of antennae on your head.
                  | [demonic ancestry]
  1860 | D:4      | Reached XP level 6. HP: 12/48 MP: 6/6
  2324 | D:5      | Entered Level 5 of the Dungeon
  2439 | D:5      | Reached skill level 1 in Stealth
  2549 | D:5      | Reached skill level 1 in Spellcasting
  2559 | D:5      | Reached skill level 1 in Dodging
  2559 | D:5      | Reached skill level 1 in Evocations
  2559 | D:5      | Reached XP level 7. HP: 53/53 MP: 8/8
  2566 | D:5      | Noticed Sigmund
  2596 | D:5      | Killed Sigmund
  2597 | D:5      | Reached skill level 4 in Shields
  2664 | D:5      | Noticed Prince Ribbit
  2675 | D:5      | Gained mutation: You are mostly covered in large bone
                  | plates. (SH +6) [demonic ancestry]
  2675 | D:5      | Reached XP level 8. HP: 57/60 MP: 10/10
  2677 | D:5      | Killed Prince Ribbit
  2763 | D:5      | Found Buurasis's Mass Market.
  2791 | D:5      | Bought a +0 tower shield for 49 gold pieces
  3072 | D:6      | Reached skill level 5 in Fighting
  3122 | D:6      | Identified the +4 leather armour "Abluu" {Harm Int+6 Dex-4}
  3320 | D:6      | Noticed a two-headed ogre
  3330 | D:6      | Killed a two-headed ogre
  3331 | D:6      | Reached skill level 5 in Maces & Flails
  3331 | D:6      | Reached skill level 5 in Shields
  3331 | D:6      | Reached XP level 9. HP: 45/68 MP: 12/12
  3764 | D:7      | Found a transporter.
  3778 | D:7      | Noticed a green ugly thing
  3784 | D:7      | Noticed a boulder beetle
  3785 | D:7      | Noticed a boulder beetle
  3787 | D:7      | Noticed a troll
  3877 | D:7      | Found a transporter.
  3883 | D:7      | Noticed a centaur warrior
  3885 | D:7      | Found a transporter.
  4077 | D:7      | Reached skill level 5 in Armour
  4112 | D:7      | Found a snail-covered altar of Cheibriados.
  4120 | D:7      | Identified the ring of Kuudgh {rElec Dex+6}
  4153 | D:7      | Noticed wingedge's ghost (novice MiFi)
  4168 | D:7      | Identified the +1 scale mail "Juqeecod" {Rampage}
  4171 | D:7      | Found a transporter.
  4284 | D:7      | Reached skill level 6 in Shields
  4721 | D:8      | Reached XP level 10. HP: 73/76 MP: 13/13
  4727 | D:8      | Noticed a two-headed hydra
  4734 | D:8      | Killed a two-headed hydra
  5181 | D:8      | Found a hazy altar of Hepliaklqana.
  5344 | D:9      | Identified the +0 leather armour of Zoluizeac {Dex+2}
  5358 | D:9      | Noticed a two-headed ogre
  5364 | D:9      | Killed a two-headed ogre
  5438 | D:9      | Found a transporter.
  5544 | D:9      | Noticed Erolcha
  5558 | D:9      | Killed Erolcha
  5559 | D:9      | Reached skill level 7 in Shields
  6013 | D:10     | Entered Level 10 of the Dungeon
  6026 | D:10     | Identified a scroll of acquirement
  6027 | D:10     | Acquired a manual of Fighting
  6028 | D:10     | Found Zyugut's Armour Shop.
  6039 | D:10     | Bought a +1 pair of boots of rampaging for 247 gold pieces
  6039 | D:10     | Bought a +0 pair of gloves for 67 gold pieces
  6286 | D:10     | Reached XP level 11. HP: 80/83 MP: 14/14
  6966 | D:10     | Bought a +2 cloak of stealth for 322 gold pieces
  6987 | D:11     | Noticed Grum
  7162 | D:11     | Killed Grum
  7223 | D:11     | Found a gate leading to a gauntlet.
  7225 | D:11     | Found a bloodstained altar of Trog.
  7225 | D:11     | Noticed a red ugly thing
  7243 | D:11     | Killed a red ugly thing
  7251 | D:11     | Reached skill level 8 in Shields
  7271 | Gauntlet | Entered a Gauntlet
  7271 | Gauntlet | Found a transporter.
  7308 | Gauntlet | Found a transporter.
  7322 | Gauntlet | Found a transporter.
  7325 | Gauntlet | Noticed a glowing orange brain
  7326 | Gauntlet | Noticed a cyan ugly thing
  7327 | Gauntlet | Found a transporter.
  7346 | Gauntlet | Found a transporter.
  7362 | Gauntlet | Noticed a white ugly thing
  7367 | Gauntlet | Found a transporter.
  7376 | Gauntlet | Found a transporter.
  7380 | Gauntlet | Noticed a wretched star
  7382 | Gauntlet | Found a transporter.
  7397 | Gauntlet | Found a transporter.
  7400 | Gauntlet | Noticed a catoblepas
  7405 | Gauntlet | Noticed a thrashing horror
  7409 | Gauntlet | Found a transporter.
  7411 | Gauntlet | Noticed a thrashing horror
  7417 | Gauntlet | Found a large runed translucent door.
  7418 | Gauntlet | Found a large runed translucent door.
  7419 | Gauntlet | Found a large runed translucent door.
  7419 | Gauntlet | Found a large runed translucent door.
  7420 | Gauntlet | Found a runed translucent gate.
  7421 | Gauntlet | Found a transporter.
  7421 | Gauntlet | Found a runed translucent gate.
  7422 | Gauntlet | Found a runed translucent gate.
  7423 | Gauntlet | Found a large runed translucent door.
  7423 | Gauntlet | Found a large runed translucent door.
  7424 | Gauntlet | Found a large runed translucent door.
  7425 | Gauntlet | Found a large runed translucent door.
  7434 | Gauntlet | Found a large runed translucent door.
  7434 | Gauntlet | Found a large runed translucent door.
  7434 | Gauntlet | Found a runed translucent door.
  7434 | Gauntlet | Found a runed translucent door.
  7435 | Gauntlet | Found a large runed translucent door.
  7436 | Gauntlet | Found a large runed translucent door.
  7438 | Gauntlet | Found a transporter.
  7446 | Gauntlet | Found a large runed translucent door.
  7446 | Gauntlet | Found a large runed translucent door.
  7447 | Gauntlet | Found a large runed translucent door.
  7448 | Gauntlet | Found a large runed translucent door.
  7456 | Gauntlet | Found a transporter.
  7458 | Gauntlet | Found a transporter.
  7483 | Gauntlet | Found a transporter.
  7485 | Gauntlet | Found a transporter.
  7505 | Gauntlet | Found a transporter.
  7595 | Gauntlet | Found a transporter.
  7731 | Gauntlet | HP: 1/84 [large abomination (26)]
  7908 | Gauntlet | Noticed a white very ugly thing
  7908 | Gauntlet | Noticed an ironbound thunderhulk
  7909 | Gauntlet | Noticed an ironbound thunderhulk
  7915 | Gauntlet | Noticed an ironbound thunderhulk
  7921 | Gauntlet | Reached skill level 5 in Dodging
  8127 | Gauntlet | Learned a level 4 spell: Manifold Assault
  8186 | Gauntlet | Killed a thrashing horror
  8189 | Gauntlet | Killed a thrashing horror
  8363 | Gauntlet | Noticed a minotaur
  8384 | Gauntlet | Killed a minotaur
  8624 | Gauntlet | Identified the ring "Wukien" {Drain Fly rElec Slay+4}
  8775 | D:11     | Found a staircase to the Lair.
  8776 | D:11     | Noticed an oklob plant
  8899 | D:11     | Found a staircase to the Orcish Mines.
  8907 | D:11     | Noticed a two-headed ogre
  8915 | D:11     | Killed a two-headed ogre
  8916 | D:11     | Reached skill level 9 in Shields
  9214 | D:11     | Killed an oklob plant
  9215 | D:11     | Gained mutation: Spells you cast may paralyse adjacent
                  | enemies. [demonic ancestry]
  9215 | D:11     | Reached XP level 12. HP: 73/94 MP: 15/15
  9294 | Lair:1   | Entered Level 1 of the Lair of Beasts
  9390 | Lair:1   | Noticed Nergalle
  9405 | Lair:1   | Killed Nergalle
  9428 | Lair:1   | Reached skill level 1 in Translocations
 10210 | Lair:1   | Reached skill level 10 in Maces & Flails
 10621 | Lair:2   | Reached skill level 10 in Shields
 10878 | Lair:2   | Found a staircase to the Shoals.
 11776 | Lair:2   | Gained mutation: Spells you cast may paralyse nearby
                  | enemies. [demonic ancestry]
 11776 | Lair:2   | Reached XP level 13. HP: 94/101 MP: 18/18
 12206 | Lair:3   | Found a hole to the Spider Nest.
 12284 | Lair:3   | Reached skill level 5 in Stealth
 13386 | Lair:4   | Identified the +1 helmet of Lust {*Slow +Blink rElec Str-2}
 13449 | Lair:4   | Found a staircase to the Slime Pits.
 13574 | Lair:4   | Reached skill level 11 in Shields
 14051 | Lair:5   | Entered Level 5 of the Lair of Beasts
 14070 | Lair:4   | Reached skill level 1 in Throwing
 14149 | Lair:4   | Reached skill level 10 in Fighting
 14580 | Lair:5   | HP: 1/103 [molten gargoyle/bolt of magma (19)]
 14964 | Lair:4   | Gained mutation: You have a pair of large antennae on your
                  | head. (SInv) [demonic ancestry]
 14964 | Lair:4   | Reached XP level 14. HP: 33/110 MP: 20/20
 15319 | Lair:5   | Noticed Urug
 15331 | Lair:5   | Killed Urug
 15805 | Lair:5   | Found a large runed translucent door.
 16532 | Lair:5   | Reached skill level 5 in Spellcasting
 16615 | Lair:5   | Found a large runed translucent door.
 16827 | Lair:5   | HP: 7/166 [fire dragon/blast of flame (36)]
 17108 | Lair:5   | Identified the +0 pair of boots of Defiance {rF+++ Str+3
                  | Dex-3}
 17109 | Lair:5   | Identified the staff "Emazics" {rElec rCorr Air}
 17309 | Orc:1    | Entered Level 1 of the Orcish Mines
 17309 | Orc:1    | Noticed Maurice
 17327 | D:11     | Reached skill level 12 in Shields
 17400 | Orc:1    | Maurice stole a +1 broad axe of electrocution
 17402 | Orc:1    | Killed Maurice
 17415 | Orc:1    | Noticed Harold
 17533 | Orc:1    | Killed Harold
 17534 | Orc:1    | Reached skill level 5 in Translocations
 17881 | Orc:2    | Entered Level 2 of the Orcish Mines
 18076 | Orc:2    | Noticed Saint Roka
 18098 | Orc:2    | Killed from afar by Saint Roka

Illustrated notes

Levels and vault maps discovered:
D:1:      lightli_arrival_windingriver, layout_basic, minmay_misc_feat_tower,
          corexii_corridor_pit, bh_walls_and_bars
D:2:      layout_rooms, minmay_quadrilaterals, uniq_jessica
D:3:      layout_rooms, dreamdust_ecumenical_altar_drowned_temple,
          serial_park_tiny_1, minmay_pentangle
D:4:      layout_rooms, minmay_temple_entry_nine_rooms
D:5:      layout_rooms, corexii_shack, minmay_shop_mass, uniq_prince_ribbit1,
          uniq_sigmund
D:6:      layout_basic, mainiacjoe_overflow_tiny_flanked
D:7:      layout_basic, gammafunk_temple_overflow_arena,
          gammafunk_ghost_abyssal_escape, st_stairs_9
D:8:      layout_gridville, marbit_many_paths, corexii_corridor_pit,
          hangedman_ranch
D:9:      layout_small_grid, nicolae_diode_basic, uniq_erolcha
D:10:     layout_long_grid, serial_shops, nicolae_stop_n_shop_2
D:11:     layout_roguey, dpeg_oklobed_lair, orc_0_dummy, gauntlet_entry_generic,
          trog_ov_bears_minmay, uniq_grum
Temple:   compressed_dpeg_triangle_lava_temple
Lair:1:   layout_gridlike, lemuel_fruit_fields, uniq_nergalle
Lair:2:   layout_cave_pods, minmay_shoals_entry_lonely_mermaid,
          columned_hall_lemuel, grunt_megastairs_2, lemuel_fruit_fields,
          lemuel_fruit_fields
Lair:3:   layout_loops_ring, hellmonk_spider_entry_not_the_bees,
          pdpol_lair_neglected_garden, grunt_forest_stairs_clearing
Lair:4:   layout_hall_layers, slime_entry_1, chequers_serial_rivers_marsh,
          st_stairs_13
Lair:5:   cheibrodos_lair_end_hotspot, layout_gridlike, lemuel_fruit_fields,
          uniq_urug
Orc:1:    layout_caves, basic_altar, serial_shops, uniq_maurice, uniq_harold
Orc:2:    grunt_orc_community_town_hall, layout_diamond_mine,
          grunt_orc_community_big_house_2, grunt_orc_community_big_house_1,
          grunt_orc_community_house_1, grunt_orc_community_house_2,
          grunt_orc_community_house_2, grunt_orc_community_house_3,
          grunt_orc_community_house_1

Skill      XL: |  1  2  3  4  5  6  7  8  9 10 11 12 13 14 |
---------------+-------------------------------------------+-----
Armour         | 3 4 5 6 7 8 9 |  9.2
Shields        | 3 4 5 6 7 9 10 11 12 | 12.0
Axes           | 2 3 |  3.9
Maces & Flails | 1 2 3 5 6 8 9 10 11 | 11.6
Stealth        | 1 2 3 4 5 |  5.3
Spellcasting   | 1 2 3 4 5 |  5.1
Dodging        | 1 2 3 4 5 6 7 |  7.2
Evocations     | 1 2 4 |  4.8
Fighting       | 4 5 6 8 9 10 11 | 11.2
Translocations | 2 4 5 |  5.0
Throwing       | 1 |  1.3
Unarmed Combat | |  0.2

Action                     |  1- 3 |  4- 6 |  7- 9 | 10-12 | 13-15 || total
---------------------------+-------+-------+-------+-------+-------++-------
  Melee: War axe           |    47 |    18 |       |       |       ||    65
         Mace              |       |    89 |   145 |   479 |   536 ||  1249
         Unarmed           |       |       |       |    18 |       ||    18
  Throw: Dart              |       |       |       |    14 |    44 ||    58
  Evoke: Wand              |       |       |       |    24 |       ||    24
         Condenser vane    |       |       |       |     1 |     3 ||     4
    Use: Scroll            |       |       |       |    24 |     9 ||    33
         Potion            |       |       |       |     1 |     6 ||     7
   Stab: Sleeping          |       |     5 |     7 |    13 |    14 ||    39
         Distracted        |       |       |       |     2 |     6 ||     8
 Armour: Scale mail        |    25 |       |       |       |       ||    25
         Plate armour      |    33 |    33 |       |       |       ||    66
         Skin              |     3 |       |       |     8 |       ||    11
         Shadow dragon sca |       |    43 |    73 |   315 |   404 ||   835
  Dodge: Dodged            |    33 |    33 |    24 |   143 |   145 ||   378
  Block: Buckler           |    15 |    75 |    11 |       |       ||   101
         Tower shield      |       |       |   107 |   611 |   795 ||  1513

Table legend: (Time is in decaauts)
 A = Elapsed time spent in this place.
 B = Non-inter-level travel time spent in this place.
 C = Inter-level travel time spent in this place.
 D = Time resting spent in this place.
 E = Time spent auto-exploring this place.
 F = Levels seen in this place.
 G = Mean time per level.
                   A        B        C        D        E       F      G
               +--------+--------+--------+--------+--------+-----+--------+
         Total |  18292 |  17610 |    682 |    136 |  13609 |  20 |  914.6 |
       Dungeon |   8210 |   7810 |    400 |      0 |   6027 |  11 |  746.4 |
        Temple |      1 |      1 |      0 |      0 |      0 |   1 |    1.0 |
          Lair |   8039 |   7792 |    247 |      0 |   6256 |   5 | 1607.8 |
  Orcish Mines |    637 |    603 |     34 |      0 |    401 |   2 |  318.5 |
      Gauntlet |   1403 |   1403 |      0 |    136 |    924 |   1 | 1403.0 |
               +--------+--------+--------+--------+--------+-----+--------+

Top non-repeatable levels by time:
  Lair:5: 2196 daAuts
  Lair:4: 1789 daAuts
  Lair:3: 1486 daAuts
Gauntlet: 1403 daAuts
  Lair:1: 1295 daAuts
  Lair:2: 1270 daAuts
    D:10: 1130 daAuts
    D:11: 952 daAuts
     D:6: 927 daAuts
     D:9: 780 daAuts
     D:7: 748 daAuts
     D:8: 697 daAuts
     D:1: 670 daAuts
     D:4: 616 daAuts
     D:5: 602 daAuts
